 Dungeon Crawl Stone Soup version 0.30-a0-743-gbfdf073431 (webtiles) character file.

Game seed: 1527121768104184369

52 kingofthe the Ducker (level 3, -1/28 HPs)
             Began as a Merfolk Gladiator on Feb 5, 2023.
             Slain by a jackal (3 damage)
             ... on level 1 of the Dungeon.
             The game lasted 00:02:29 (578 turns).

kingofthe the Ducker (Merfolk Gladiator)             Turns: 578, Time: 00:02:30

Health: -1/28      AC:  4    Str: 16    XL:     3   Next: 85%
Magic:  3/3        EV: 13    Int:  7    God:
Gold:   29         SH:  0    Dex: 15    Spells: 2/2 levels left

rFire   . . .      SeeInvis .    a - +1 spear (freeze)
rCold   . . .      Faith    .    (no shield)
rNeg    . . .      Spirit   .    h - +0 leather armour
rPois   .          Reflect  .    c - +0 helmet
rElec   .          Harm     .    (no cloak)
rCorr   .          Rampage  .    (no gloves)
Will    .....                    (no boots)
Stlth   ++                       (no amulet)
HPRegen 0.24/turn                (no ring)
MPRegen 0.08/turn                (no ring)

@: no status effects
A: (nimble swimmer 2), mertail
a: no special abilities


You were on level 1 of the Dungeon.
You visited 1 branch of the dungeon, and saw 2 of its levels.

You collected 29 gold pieces.

Inventory:

Hand Weapons
 a - a +1 spear of freezing (weapon)
 b - a +0 sling
 i - a +0 trident
Missiles
 d - 3 throwing nets (quivered)
 e - a javelin
Armour
 c - a +0 helmet (worn)
 h - a +0 leather armour (worn)
Scrolls
 g - a scroll of enchant weapon {unknown}
 j - a scroll of fear {unknown}
 m - a scroll of magic mapping {unknown}
Potions
 f - a potion of resistance {unknown}
 k - a potion of heal wounds {unknown}
 l - a potion of berserk rage {unknown}


   Skills:
 + Level 2.9 Fighting
 - Level 4.0 Polearms
 - Level 2.0 Throwing
 + Level 1.0 Armour
 + Level 4.7 Dodging
 + Level 1.8 Stealth


You had 2 spell levels left.
You didn't know any spells.
Your spell library was empty.

Dungeon Overview and Level Annotations

Branches:
Dungeon (2/15)

Altars:


Innate Abilities, Weirdness & Mutations

((You are very nimble when in or above water. (Stealth+, EV+, Speed+++)))
Your lower body shifts to a powerful aquatic tail in water.


Message History

The adder poisons you!
You miss the adder. You punch the adder, but do no damage.
The adder is severely wounded.
You feel sick. The jackal bites you. The jackal barely misses you.
The jackal closely misses you. The jackal bites you.
The jackal bites you but does no damage.
The adder closely misses you.
You hit the adder. You freeze the adder.
The adder is almost dead.
You feel sick. The jackal barely misses you. x3
You miss the adder.
The adder is almost dead.
You feel sick.
The adder is no longer moving slowly.
The jackal bites you but does no damage.
The adder closely misses you. The jackal completely misses you.
The jackal closely misses you. The jackal bites you.
* * * LOW HITPOINT WARNING * * *
You closely miss the jackal.
You feel sick.
You are no longer poisoned.
The jackal completely misses you. The adder closely misses you.
The jackal barely misses you.
The jackal bites you but does no damage.
The jackal bites you.
* * * LOW HITPOINT WARNING * * *
You closely miss the adder.
The adder is severely wounded.
The adder completely misses you. The jackal misses you. x3
You barely miss the adder.
The adder is severely wounded.
The adder misses you. The jackal misses you. The jackal closely misses you.
The jackal bites you.
* * * LOW HITPOINT WARNING * * *
The adder bites you but does no damage. The jackal misses you.
You completely miss the adder.
The adder is severely wounded.
The jackal barely misses you. x2; The jackal closely misses you.
The adder bites you.
* * * LOW HITPOINT WARNING * * *
The jackal bites you.
You die...

######### #.......#
#.......#
#..)....####
#..........##
######.....÷.....)
##@h.)........#####
##Shh..........##
#..........####.#
#..........# ###♣♣♣
#..........#
##.#...
#..........#
#..#...
#..........#
#..#.8.
##......(.##
#†.#..÷
#.......÷.÷#
#..#...


You could see an adder and 3 jackals.

Vanquished Creatures
  2 adders
  A dart slug (D:1)
  3 bats
  5 endoplasms
  2 goblins (D:1)
  4 hobgoblins
  A jackal (D:1)
  A quokka (D:1)
  4 ball pythons
  A frilled lizard (D:1)
  2 kobolds (D:1)
  5 rats (D:1)
31 creatures vanquished.

Notes
Turn   | Place    | Note
-------+----------+-------------------------------------------
     0 | D:1      | kingofthe the Merfolk Gladiator began the quest for the
                  | Orb.
     0 | D:1      | Reached XP level 1. HP: 16/16 MP: 1/1
    90 | D:1      | Reached XP level 2. HP: 19/23 MP: 2/2
   133 | D:1      | Reached skill level 1 in Stealth
   215 | D:1      | Reached XP level 3. HP: 25/28 MP: 3/3
   511 | D:1      | Reached skill level 1 in Armour
   578 | D:1      | Slain by a jackal

Illustrated notes

Levels and vault maps discovered:
D:1:      giann_forest_graveyard, layout_rooms
D:2:      layout_rooms, basic_altar, serial_aquarium, aquarium_bridge_square
          [aquarium_subvault_wall, aquarium_subvault_window,
          aquarium_subvault_window, aquarium_subvault_bridge],
          aquarium_bridge_straight [aquarium_subvault_bridge,
          aquarium_subvault_wall, aquarium_subvault_bridge,
          aquarium_subvault_wall], aquarium_window_fake,
          aquarium_window_corridor_1, aquarium_window_double, aquarium_window_1,
          aquarium_view_2c, aquarium_view_2g, serial_shops, shop

Skill      XL: |  1  2  3 |
---------------+----------+-----
Stealth        | 1 |  1.8
Armour         | 1 |  1.0
Fighting       | |  2.9
Polearms       | |  4.0
Throwing       | |  2.0
Dodging        | |  4.7

Action                     || total
---------------------------++-------
  Melee: Trident           ||     5
         Spear             ||    57
         Punch             ||     1
   Fire: Sling             ||    40
   Stab: Sleeping          ||     1
 Armour: Leather armour    ||    28
  Dodge: Dodged            ||    87

Table legend: (Time is in decaauts)
 A = Elapsed time spent in this place.
 B = Non-inter-level travel time spent in this place.
 C = Inter-level travel time spent in this place.
 D = Time resting spent in this place.
 E = Time spent auto-exploring this place.
 F = Levels seen in this place.
 G = Mean time per level.
                   A        B        C        D        E       F      G
               +--------+--------+--------+--------+--------+-----+--------+
         Total |    584 |    533 |     51 |     48 |    315 |   2 |  292.0 |
       Dungeon |    584 |    533 |     51 |     48 |    315 |   2 |  292.0 |
               +--------+--------+--------+--------+--------+-----+--------+

Top non-repeatable levels by time:
     D:1: 558 daAuts
     D:2: 26 daAuts
